 Dungeon Crawl Stone Soup version 0.13-a0-3092-g1832de8 (webtiles) character file.

269 Misa the Digger (level 4, -1/36 HPs)
             Began as a Deep Dwarf Earth Elementalist on Sept 18, 2013.
             Killed from afar by an orc wizard (2 damage)
             ... with a puff of flame
             ... on Level 3 of the Dungeon.
             The game lasted 00:09:47 (2391 turns).

Misa the Digger (Deep Dwarf Earth Elementalist)     Turns: 2391, Time: 00:09:47

HP  -1/36        AC  2     Str 11      XL: 4   Next: 72%
MP   5/8         EV 13     Int 17      God:
Gold 151         SH  0     Dex 13      Spells:  3 memorised,  1 level left

Res.Fire  : + . .   See Invis. : .   j - +0 dagger
Res.Cold  : x . .   Warding    : .   c - +0 robe
Life Prot.: . . .   Conserve   : .   (no shield)
Res.Poison: .       Res.Corr.  : +   (no helmet)
Res.Elec. : .       Clarity    : .   (no cloak)
Sust.Abil.: . .     Spirit.Shd : .   (no gloves)
Res.Mut.  : .       Stasis     : .   (no boots)
Res.Rott. : .       Flight     : .   o - amulet of resist corrosion {unknown}
Saprovore : . . .                    t - ring of teleport control
                                     m - ring of fire

@: non-regenerating, slightly resistant to hostile enchantments, stealthy
A: damage resistance, recharge devices, sense surroundings 1, slow healing 3
a: Device Recharging, Evoke Teleport Control


You were on level 3 of the Dungeon.
You were very hungry.

You visited 1 branch of the dungeon, and saw 4 of its levels.

You collected 131 gold pieces.

Inventory:

Hand weapons
 j - a +0,+0 dagger (weapon)
Missiles
 b - 35 stones (quivered)
 i - 4 steel darts
Armour
 c - a +0 robe (worn)
Magical devices
 a - a wand of heal wounds (2)
Comestibles
 f - 2 bread rations
 l - a meat ration
 s - an apple
 v - a pear
Scrolls
 e - 3 scrolls of identify
 g - 3 scrolls of remove curse
 h - a scroll of fog {unknown}
 p - 2 scrolls of amnesia {unknown}
 r - a scroll of magic mapping {unknown}
 u - a scroll of teleportation {unknown}
Jewellery
 m - a ring of fire (left hand)
 o - an amulet of resist corrosion (around neck) {unknown}
 t - a ring of teleport control (right hand)
Potions
 k - a potion of slowing {unknown}
 n - a potion of brilliance {unknown}
 q - a potion of restore abilities {unknown}
 x - a potion of speed {unknown}
 B - a potion of curing {unknown}
Books
 d - a book of Geomancy

   Spells                             Type                      Level
   *Sandblast                         Earth                        1
   *Stoneskin                         Transmutation/Earth          2
   Passwall                           Transmutation/Earth          3
   *Stone Arrow                       Conjuration/Earth            3
   Petrify                            Transmutation/Earth          4
   Lee's Rapid Deconstruction         Earth                        5


   Skills:
 + Level 3.2 Dodging
 + Level 3.7 Stealth
 + Level 2.1 Spellcasting
 - Level 0.8 Transmutations
 + Level 5.0 Earth Magic


You had one spell level left.
You knew the following spells:

 Your Spells              Type           Power        Failure   Level  Hunger
a - Sandblast             Erth           ###...       2%          1    #......
b - Stoneskin             Trmt/Erth      ##........   10%         2    ##.....
c - Stone Arrow           Conj/Erth      ##....       21%         3    ####...


Dungeon Overview and Level Annotations

Branches:
Dungeon (4/27)
 Temple: D:4-7

Altars:

Annotations:
D:2 Sigmund
D:4 goblolo's ghost, average GrAr


Innate Abilities, Weirdness & Mutations

You are resistant to damage.
You can recharge devices by infusing magical energy.
You passively map a small area around you.
You do not heal naturally.


Message History

The orc wizard is severely wounded.
The orc wizard hits you but does no damage.
You closely miss the orc wizard.
The orc wizard is severely wounded.
The orc wizard closely misses you.
You are feeling very hungry.
You closely miss the orc wizard.
The orc wizard is severely wounded.
The orc wizard mumbles some strange words.
The orc wizard flickers and vanishes!
Deactivating autopickup; reactivate with Ctrl-A.
You barely miss it. It hits you!
* * * LOW HITPOINT WARNING * * *
You hit it. It hits you.
You hit it but do no damage.
You hear some strange, mumbled words.
A puff of flame appears from out of thin air!
The puff of flame hits you! You resist.
One of your 2 scrolls labeled CHESME SEDAP catches fire!
You die...

#>## #...........# ### #..#
##...######## ##.## ###...####
#..# #......# ## ########'####
#......# #. #.......<...#
#......# #. #...........###
#......# #.
#...........'.####......########.
'...........#...@{o.......^....'.
#...........######.>....########.
#...........# ######## ##
#############


You could see an orc.

Vanquished Creatures
  5 adders
  A giant mite (D:3)
  A worm (D:2)
  An inept item mimic (D:3)
  A giant gecko (D:3)
  An orc (D:3)
  5 hobgoblins
  6 jackals
  10 kobolds
  2 quokkas
  4 bats
  5 giant cockroaches
  4 giant newts
  2 goblins (D:1)
  6 rats
54 creatures vanquished.

Notes
Turn   | Place    | Note
--------------------------------------------------------------
     0 | D:1      | Misa, the Deep Dwarf Earth Elementalist, began the quest for the Orb.
     0 | D:1      | Reached XP level 1. HP: 15/15 MP: 3/3
   334 | D:1      | Reached XP level 2. HP: 8/22 MP: 0/4
   389 | D:1      | Learned a level 2 spell: Stoneskin
   786 | D:2      | Reached XP level 3. HP: 19/28 MP: 0/6
  1267 | D:2      | Noticed Sigmund
  1385 | D:3      | Reached XP level 4. HP: 23/36 MP: 7/7
  1748 | D:3      | Learned a level 3 spell: Stone Arrow
  1952 | D:3      | Reached skill level 5 in Earth Magic
  2153 | D:4      | Noticed goblolo's ghost (average GrAr)
  2389 | D:3      | HP: 1/36 [something (4)]
  2391 | D:3      | Killed from afar by an orc wizard

Action                   |  1- 3 |  4- 6 || total
-------------------------+-------+-------++-------
Melee: Dagger            |    96 |    52 ||   148
       Unarmed           |     8 |       ||     8
 Cast: Sandblast         |    48 |    58 ||   106
       Stoneskin         |     1 |       ||     1
       Stone Arrow       |       |     1 ||     1
Evoke: Wand              |     2 |     1 ||     3
  Use: Scroll            |       |     2 ||     2
 Stab: Sleeping          |     3 |     1 ||     4
